Map: Triton LE

Players

Nix

  • Race: Terran Terran
  • League: Diamond
  • Spawn Location: 5:00

VaeVictus - Winner!

  • Race: Protoss Protoss
  • League: Diamond
  • Spawn Location: 11:00

VOD

Have the link to the VOD?

Description

Time

  • Played on: Nov. 26, 2019, 11:43 a.m.
  • Length: 10:50
Show
View Real Time Build Order
Export as new Build Order

Nix Terran 

Build Orders:  

Get SALT Encoding   

  12  0:01  SCV  
  13  0:13  SCV  
  14  0:18  Supply Depot  
  14  0:25  SCV  
  15  0:29  Refinery  
  15  0:40  SCV  
  16  0:45  Barracks  
  16  0:52  SCV  
  18  1:04  SCV  
  18  1:16  Barracks, SCV  
  19  1:28  SCV  
  20  1:38  Reaper  
  21  1:40  Supply Depot, SCV  
  23  1:56  Orbital Command  
  22  2:10  Reaper x2  
  24  2:22  Command Center  
  24  2:23  SCV  
  25  2:32  Barracks  
  25  2:35  SCV  
  26  2:58  Barracks Reactor  
  26  3:02  SCV  
  27  3:14  SCV  
  27  3:15  Barracks Tech Lab, Supply Depot  
  28  3:26  SCV  
  28  3:37  Orbital Command, Barracks Reactor, Bunker  
  28  3:38  SCV  
  28  3:40  Marine x3  
  32  3:47  Refinery  
  32  3:51  SCV  
  33  3:57  Marine  
  33  3:58  Marine  
  33  4:02  Marine  
  36  4:03  SCV  
  36  4:06  SCV  
  38  4:15  Marine x2, SCV  
  41  4:17  Supply Depot  
  41  4:18  Marine, SCV  
  41  4:19  Marine  
  41  4:20  Marine  
  45  4:27  SCV  
  45  4:30  SCV  
  47  4:33  Marine x2  
  47  4:36  Marine x2  
  47  4:38  Marine, Supply Depot  
  52  4:39  SCV  
  52  4:42  SCV  
  54  4:47  Supply Depot  
  54  4:51  Marine x2, SCV  
  57  4:54  Marine x2, SCV  
  57  4:55  Marine  
  61  5:03  SCV  
  61  5:06  Supply Depot, SCV  
  63  5:09  Marine x2  
  63  5:12  Marine x2  
  63  5:13  Marine  
  67  5:15  SCV  
  67  5:18  SCV  
  69  5:27  Marine x2, SCV  
  70  5:30  Marine, SCV  
  70  5:33  Marine x2  
  70  5:44  Engineering Bay  
  70  5:46  Marine x2  
  70  5:47  Marine  
  73  5:51  Marine x2, SCV x2  
  77  6:03  SCV  
  77  6:04  Marine x2  
  74  6:05  Marine  
  74  6:09  Marine  
  77  6:11  SCV  
  77  6:13  Missile Turret  
  77  6:15  Missile Turret, SCV  
  78  6:19  Barracks Tech Lab  
  78  6:20  Factory  
  78  6:21  Marine  
  78  6:22  Marine  
  78  6:23  Marine  
  70  6:40  SCV  
  70  6:41  SCV  
  65  6:53  SCV  
  62  7:00  Missile Turret  
  61  7:02  SCV  
  61  7:05  SCV  
  61  7:07  Factory Reactor  
  63  7:13  Terran Infantry Weapons Level 1  
  63  7:14  SCV  
  64  7:21  SCV  
  64  7:22  Marine  
  66  7:25  Marine x2  
  66  7:26  SCV  
  69  7:30  Stimpack  
  69  7:33  SCV  
  69  7:36  Marine x2  
  72  7:38  SCV  
  72  7:40  Marine  
  72  7:42  Marine  
  75  7:44  Marine  
  75  7:45  SCV  
  77  7:54  Marine x2  
  77  7:56  Starport  
  77  7:58  Marine  
  80  8:01  Marine  
  80  8:02  Marine  
  81  8:06  SCV x2  
  81  8:12  Marine x2  
  85  8:16  Marine  
  86  8:25  Supply Depot  
  86  8:26  Supply Depot  
  86  8:34  Supply Depot  
  86  8:47  Marine x5, SCV x2  
  93  8:59  SCV x2  
  90  9:05  Marine x5  
  77  9:11  SCV x2  
  70  9:22  Marine x4  
  70  9:23  SCV x2  
  69  9:24  Marine  
  69  9:27  Medivac x2  
  74  9:35  SCV x2  
  76  9:40  Marine x4  
  76  9:42  Marine  
  76  9:43  Supply Depot  
  81  9:48  Command Center, SCV x2  
  81  9:50  Armory  
  83  9:55  Supply Depot  
  83  9:58  Marine x2  
  85  10:00  Marine x3, SCV  
  89  10:09  Medivac  
  91  10:16  Marine x2  
  91  10:17  Marine, SCV x2  
  91  10:18  Marine  
  97  10:23  Refinery, Marine  
  98  10:29  SCV x2  
Show
View Real Time Build Order
Export as new Build Order

VaeVictus Protoss - Winner!

Build Orders: 1 Gate Expand, Zealot Archon, Dark Templar Rush 

Get SALT Encoding   

  12  0:00  Probe  
  13  0:13  Probe  
  14  0:18  Pylon  
  14  0:25  Probe (Chrono Boost)  
  15  0:37  Probe (Chrono Boost)  
  15  0:42  Gateway  
  16  0:45  Probe (Chrono Boost)  
  16  0:47  Assimilator  
  17  0:51  Probe  
  18  1:03  Probe  
  19  1:15  Probe  
  20  1:25  Nexus  
  20  1:37  Cybernetics Core  
  20  1:40  Assimilator, Probe  
  21  1:53  Probe  
  22  1:58  Pylon  
  22  2:05  Probe  
  23  2:13  Adept (Chrono Boost)  
  23  2:17  Warp Gate, Probe  
  25  2:26  Twilight Council  
  25  2:33  Probe (Chrono Boost)  
  26  2:37  Stalker  
  28  2:44  Probe (Chrono Boost)  
  30  2:51  Probe (Chrono Boost)  
  30  2:54  Probe (Chrono Boost)  
  30  2:56  Probe (Chrono Boost)  
  32  3:01  Robotics Facility  
  33  3:05  Probe  
  33  3:06  Probe  
  34  3:15  Stalker (Chrono Boost)  
  34  3:17  Probe  
  36  3:37  Dark Shrine  
  36  3:38  Stalker  
  40  3:45  Gateway  
  40  3:48  Gateway  
  40  3:49  Warp Prism (Chrono Boost)  
  40  3:53  Probe x2  
  42  4:06  Pylon  
  42  4:22  Probe x2  
  44  4:34  Nexus  
  44  4:37  Probe  
  45  4:39  Assimilator  
  45  4:41  Pylon  
  45  4:55  Dark Templar x3  
  45  4:57  Probe  
  45  4:58  Pylon  
  50  5:04  Probe  
  51  5:09  Probe  
  52  5:16  Probe  
  51  5:48  Dark Templar x3  
  57  5:50  Probe x3  
  57  5:56  Twilight Council  
  60  5:57  Forge  
  60  6:02  Probe  
  61  6:06  Gateway  
  61  6:07  Gateway  
  61  6:09  Gateway  
  55  6:43  Probe x2  
  55  6:44  Probe  
  58  6:48  Forge, Charge (Chrono Boost)  
  58  6:49  Protoss Ground Armor Level 1 (Chrono Boost)  
  56  6:55  Probe  
  56  6:56  Dark Templar x3, Probe x2  
  63  7:08  Probe x3  
  66  7:09  Pylon  
  66  7:10  Pylon  
  66  7:12  Dark Templar  
  66  7:13  Zealot x2  
  66  7:14  Archon  
  72  7:16  Archon  
  72  7:20  Probe x3  
  75  7:26  Gateway  
  75  7:32  Probe  
  75  7:33  Zealot x2  
  75  7:34  Zealot x3  
  75  7:35  Probe x2  
  88  7:41  Gateway  
  88  7:42  Gateway  
  88  7:44  Probe  
  88  7:46  Gateway  
  88  7:47  Probe  
  88  7:48  Probe  
  91  7:51  Nexus  
  91  7:53  Zealot  
  91  7:54  Pylon  
  91  7:55  Pylon  
  93  8:03  Protoss Ground Weapons Level 1 (Chrono Boost)  
  93  8:15  Zealot x6  
  105  8:25  Probe  
  105  8:26  Pylon, Probe x2  
  106  8:29  Templar Archives  
  106  8:37  Dark Templar x2  
  106  8:38  Dark Templar, Probe  
  113  8:42  Assimilator  
  113  8:45  Assimilator  
  113  8:46  Assimilator, Dark Templar  
  113  8:48  Zealot x5  
  123  9:01  Probe x3  
  110  9:13  Probe x2, Zealot x8  
  112  9:29  Archon x2, Psionic Storm  
  112  9:31  Zealot  
  112  9:33  Probe x4  
  112  9:36  Pylon  
  118  9:40  Pylon  
  118  9:42  Immortal  
  118  9:45  Pylon, Probe x2  
  123  9:47  High Templar x2  
  123  9:52  Zealot x6  
  140  9:54  Archon  
  140  10:06  Assimilator  
  140  10:10  Assimilator  
  140  10:15  Zealot x4, Nexus  
  140  10:17  Pylon  
  140  10:18  Pylon  
  140  10:20  Pylon  
  148  10:25  Probe x4  
  148  10:28  Zealot x4  
  151  10:37  Probe x2  
  151  10:40  Stalker x4  
  151  10:41  Stalker  
Tags
 
Add a new tag
Caveats
  • Supply blocks, unpowered buildings, or Contaminate may cause inaccurate times.
  • Supply counts are checked every 10 seconds.